Cogmind - Beta 13 @@@ ROGUE MODE // 2024.05.04 @ 18:26:38 Player: orthostice Result: Destroyed by D-53 Grenadier with Mini Grenade Launcher Performance ------------- Evolutions (0) 0 Regions Visited (4) 800 Robots Destroyed (18) 90 Value Destroyed (386) 386 Prototype IDs (0) 0 Alien Tech Used (0) 0 Bonus (91) 91 TOTAL SCORE: 1367 Bonus ------- Follower Combat Kills 91 Cogmind --------- Core Integrity 0/250 Matter 149/300 Energy 230/250 System Corruption 12% Temperature Cool (0) Movement Treading (160) Location -9/Mines Parts ------- > --- POWER (1) -------- Ion Engine > --- PROPULSION (2) --- Light Treads > --- UTILITY (2) ------ Medium Storage Unit Makeshift Cloaking Device > --- WEAPON (2) ------- Rocket Launcher > --- INVENTORY (10) --- Ion Engine Light Treads Light Treads Aluminum Leg Makeshift Hacking Suite EM Pulse Gun Makeshift Laser Assault Rifle Peak State ------------ > --- POWER ------------ Light Nuclear Core > --- PROPULSION ------- Light Treads Light Treads > --- UTILITY ---------- Medium Storage Unit Makeshift Cloaking Device > --- WEAPON ----------- Makeshift Laser Makeshift Shrapnel Gun > --- INVENTORY -------- Ion Engine Ion Engine Light Treads Light Treads Aluminum Leg Makeshift Hacking Suite EM Pulse Gun Assault Rifle Grenade Launcher Rocket Launcher [Rating: 20] Favorites ----------- Power Ion Engine Engine Ion Engine Power Core Light Nuclear Core Propulsion Light Treads Treads Light Treads Utility Medium Storage Unit Device Improved Terrain Scanner Storage Medium Storage Unit Processor Transport Network Coupler Weapon Assault Rifle Energy Gun EM Pulse Gun Ballistic Gun Assault Rifle Launcher Grenade Launcher Special Weapon Mining Laser Build | -11 -10 -10 -10 -9 ------- Run | Yrd Mat Min Exi Min Slots Evolved . | . . . . . Power . | . . . . . Propulsion . | . . . . . Utility . | . . . . . Weapon . | . . . . . Parts Attached 34 | 8 8 6 8 4 Power 4 | 1 . . 2 1 Engine 3 | 1 . . 1 1 Core 1 | . . . 1 . Reactor . | . . . . . Propulsion 5 | 2 . 2 1 . Treads 5 | 2 . 2 1 . Leg . | . . . . . Wheel . | . . . . . Hover . | . . . . . Flight . | . . . . . Utility 6 | 2 2 1 1 . Device 3 | 1 . 1 1 . Storage 2 | 1 1 . . . Processor 1 | . 1 . . . Hackware . | . . . . . Protection . | . . . . . Artifact . | . . . . . Weapon 19 | 3 6 3 4 3 Energy Gun 6 | 2 2 . 1 1 Energy Cannon . | . . . . . Ballistic Gun 7 | 1 2 2 2 . Ballistic Cannon . | . . . . . Launcher 4 | . 2 . . 2 Special Weapon 2 | . . 1 1 . Impact Weapon . | . . . . . Slashing Weapon . | . . . . . Piercing Weapon . | . . . . . Special Melee Weapon . | . . . . . Unidentified Prototypes . | . . . . . Parts Lost 4 | . . . 1 3 Power 1 | . . . . 1 Propulsion 1 | . . . . 1 Utility 1 | . . . 1 . Weapon 1 | . . . . 1 Highest Loss Streak 3 | . . . 1 3 To Critical Strikes . | . . . . . Average Slot Usage (%) 97 | . 100 100 95 93 Engine 7 | . 14 14 2 1 Core 6 | . . . 11 10 Treads 27 | . 28 28 28 24 Device 7 | . 2 4 9 14 Storage 14 | . 14 14 14 14 Processor 4 | . 11 9 . . Energy Gun 8 | . 13 8 3 9 Ballistic Gun 17 | . 14 12 21 14 Special Weapon 1 | . . 7 2 . Naked Turns . | . . . . . Heaviest Build 21 | 14 20 19 20 21 Greatest Support 40 | 40 40 40 40 40 Greatest Overweight (x) . | . . . . . Average Overweight (x) . | . . . . . Largest Inventory Capacity 10 | 8 10 10 10 10 Average Capacity 9 | 7 8 10 10 10 Most Carried 10 | 4 10 10 10 10 Average Carried 8 | 2 7 9 9 9 Final Capacity 10 | 8 10 10 10 10 Final Carried 10 | 4 10 9 10 8 Class Distribution -------------------- 62% | Mutant 37% | Scavenger-Mutant Dominant Class ---------------- Mutant | -10/Materials Scavenger-Mutant | -10/Mines Scavenger-Mutant | -10/Exiles Mutant | -9/Mines Resources | -11 -10 -10 -10 -9 ----------- Run | Yrd Mat Min Exi Min Matter Collected 688 | 173 306 . 121 88 Remotely . | . . . . . Salvage Created 535 | 19 469 . . 47 Parts 50 | 5 45 . . . Haulers Intercepted 2 | . 2 . . . Recyclers Shooed . | . . . . . Parts Field Recycled . | . . . . . Retrieved Matter . | . . . . . Parts Self-Destructed . | . . . . . Prevented . | . . . . . Kills | -11 -10 -10 -10 -9 ------- Run | Yrd Mat Min Exi Min Combat Hostiles Destroyed 20 | . 9 . . 11 Guns 7 | . 5 . . 2 AOE 13 | . 4 . . 9 Classes Destroyed 8 | 1 6 . . 1 Worker 2 | . 2 . . . Builder 1 | . 1 . . . Tunneler 1 | 1 . . . . Hauler 2 | . 2 . . . Watcher 3 | . 3 . . . Swarmer 3 | . 3 . . . Grunt 6 | . 6 . . . Assembled 11 | . . . . 11 Best Kill Streak 6 | 1 4 . . 6 Combat Bots Only 6 | . 3 . . 6 Max Kills in Single Turn 3 | 1 2 . . 3 Gunslinging . | . . . . . Exploded 3 | . 1 . . 3 Melee . | . . . . . Uniques/NPCs Destroyed . | . . . . . Combat | -11 -10 -10 -10 -9 -------- Run | Yrd Mat Min Exi Min Hostile Shots Fired 60 | . 41 . . 19 Missed 15 | . 13 . . 2 Damage Taken 980 | . 345 . 206 429 Core 252 | . 55 . 69 128 Absorbed by Shields . | . . . . . Core Remaining (%) 100 | 100 . . . . Volleys Fired 68 | 2 35 2 14 15 Largest 2 | 2 2 1 1 2 Hottest 100 | 60 70 100 100 74 Shots Fired 102 | 4 64 2 15 17 Gun 72 | 4 57 . 1 10 Cannon . | . . . . . Launcher 14 | . 7 . . 7 Special 16 | . . 2 14 . Kinetic 39 | 2 28 . 1 8 Thermal 20 | 2 . 2 14 2 Explosive 14 | . 7 . . 7 Electromagnetic 29 | . 29 . . . Robot Hit Streak 9 | 2 9 . . 6 Robot Miss Streak 3 | 1 2 . 1 3 Penetration Max . | . . . . . Secondary Targets . | . . . . . Shots Hit Robots 58 | 2 45 . . 11 Core Hits 49 | 1 27 . . 21 Critical Kills . | . . . . . Critical Parts Destroyed . | . . . . . Critical Strikes . | . . . . . Melee Attacks . | . . . . . Impact . | . . . . . Slashing . | . . . . . Piercing . | . . . . . Sneak Attacks . | . . . . . Combat Hostiles . | . . . . . Follow-up Attacks . | . . . . . Damage Inflicted 1672 | 20 966 . . 686 Guns 698 | 20 510 . . 168 Cannons . | . . . . . Explosions 949 | . 431 . . 518 Melee . | . . . . . Ramming 25 | . 25 . . . Kinetic 421 | 10 278 . . 133 Thermal 65 | 10 20 . . 35 Explosive 895 | . 377 . . 518 Electromagnetic 266 | . 266 . . . Impact . | . . . . . Slashing . | . . . . . Piercing . | . . . . . Highest Corruption 12 | . 2 2 6 12 Average Corruption 4 | . 2 2 3 7 Corruption Purged . | . . . . . Corruption Blocked . | . . . . . Effects 38 | . . 1 28 9 Message Errors 5 | . . . 5 . Matter Fused 9 | . . . 6 3 Heat Flow Errors 6 | . . . 4 2 Energy Discharges 6 | . . 1 4 1 Parts Rejected 3 | . . . 2 1 Data Loss (minor) 4 | . . . 2 2 Data Loss (major) 2 | . . . 2 . Misfires 1 | . . . 1 . Alerts 2 | . . . 2 . Overload Shots . | . . . . . Overflow Damage 17 | . 17 . . . Projectiles . | . . . . . Explosions 17 | . 17 . . . Melee . | . . . . . Knockbacks . | . . . . . Impact . | . . . . . Kinetic . | . . . . . Secondary . | . . . . . Self-Inflicted Damage 65 | . 26 . . 39 Shots 3 | . 1 . . 2 Rammed 4 | . 4 . . . Targets Rammed 5 | . 5 . . . Kicked . | . . . . . Crushed 1 | . 1 . . . Highest Temperature 268 | . 54 40 268 160 Average Temperature 78 | . 23 20 103 56 Received Heat Transfer 132 | . 132 . . . Siege Activations . | . . . . . Robots Corrupted . | . . . . . Combat Hostiles . | . . . . . Parts Fried . | . . . . . Impact Corruptions . | . . . . . Robots Melted . | . . . . . Combat Hostiles . | . . . . . Parts Melted . | . . . . . Heat Transferred 99 | 25 . . . 74 Parts Sabotaged . | . . . . . Parts Stolen . | . . . . . Parts Stripped . | . . . . . Power Chain Reactions 1 | . 1 . . . Alert | -11 -10 -10 -10 -9 ------- Run | Yrd Mat Min Exi Min Peak Influence 266 | 5 266 47 . 31 Initial 45 | . 3 45 . . Average 97 | . 134 46 . 3 Maximum Alert Level 1 | . 1 . . . Low Security (%) 88 | 100 82 100 . 100 Level 1 11 | . 17 . . . Level 2 . | . . . . . Level 3 . | . . . . . Level 4 . | . . . . . Level 5 . | . . . . . High Security . | . . . . . Max Security . | . . . . . Squads Dispatched . | . . . . . Investigation . | . . . . . Extermination . | . . . . . Reinforcement . | . . . . . Assault . | . . . . . Garrison . | . . . . . Intercept . | . . . . . Searches Triggered . | . . . . . Construction Impeded . | . . . . . Haulers Reinforced . | . . . . . Active Scanning Responses . | . . . . . Cargo Convoy Interrupts . | . . . . . Stealth | -11 -10 -10 -10 -9 --------- Run | Yrd Mat Min Exi Min Distress Signals 3 | . 3 . . . Communications Jammed . | . . . . . Distress Signals . | . . . . . Times Spotted 29 | . 16 . . 13 Peak Tracking Total 6 | . 4 . . 6 Tactical Retreats . | . . . . . Traps | -11 -10 -10 -10 -9 ------- Run | Yrd Mat Min Exi Min Traps Triggered 1 | . 1 . . . Indirectly . | . . . . . Trap Hack Attempts . | . . . . . Triggered . | . . . . . Disarmed . | . . . . . Reprogrammed . | . . . . . Reused . | . . . . . Traps Extracted . | . . . . . Installed . | . . . . . Triggered . | . . . . . Machines | -11 -10 -10 -10 -9 ---------- Run | Yrd Mat Min Exi Min Machines Disabled 6 | . 6 . . . Max in Single Turn 3 | . 3 . . . Machines Repaired . | . . . . . Machines Dismantled . | . . . . . Machines Sabotaged . | . . . . . Overloaded Fab Kills . | . . . . . Hacking | -11 -10 -10 -10 -9 --------- Run | Yrd Mat Min Exi Min Machines Accessed 2 | . 1 . 1 . Terminals 1 | . 1 . . . Fabricators . | . . . . . Repair Stations . | . . . . . Recycling Units . | . . . . . Scanalyzers . | . . . . . Garrison Access . | . . . . . Total Hacks 11 | . 2 . 9 . Successful 10 | . 1 . 9 . Failed 1 | . 1 . . . Catastrophic . | . . . . . Database Lockouts . | . . . . . Manual 1 | . . . 1 . Terminals 2 | . 2 . . . Fabricators . | . . . . . Repair Stations . | . . . . . Recycling Units . | . . . . . Scanalyzers . | . . . . . Garrison Access . | . . . . . Terminal Hacks 10 | . 1 . 9 . Record 9 | . . . 9 . Hauler Manifests 1 | . 1 . . . Fabricator Hacks . | . . . . . Repair Station Hacks . | . . . . . Recycling Unit Hacks . | . . . . . Scanalyzer . | . . . . . Garrison Access Hacks . | . . . . . Unauthorized Hacks . | . . . . . Terminals . | . . . . . Fabricators . | . . . . . Repair Stations . | . . . . . Recycling Units . | . . . . . Scanalyzers . | . . . . . Garrison Access . | . . . . . Data Cores Recovered . | . . . . . Used . | . . . . . Hacking Detections . | . . . . . Full Trace Events . | . . . . . Feedback Events . | . . . . . Feedback Blocked . | . . . . . Robot Schematics Acquired . | . . . . . Robots Built . | . . . . . Authchips . | . . . . . Time . | . . . . . Total Robot Build Rating . | . . . . . Part Schematics Acquired . | . . . . . Parts Built . | . . . . . Authchips . | . . . . . Time . | . . . . . Total Part Build Rating . | . . . . . Parts Repaired . | . . . . . Time . | . . . . . Parts Recycled . | . . . . . Recycled Matter . | . . . . . Retrieved Matter . | . . . . . Retrieved Components . | . . . . . Parts Scanalyzed . | . . . . . Part Schematics Acquired . | . . . . . Parts Damaged . | . . . . . Bothacking | -11 -10 -10 -10 -9 ------------ Run | Yrd Mat Min Exi Min Used RIF Installer . | . . . . . Robots Hacked . | . . . . . Non-combat . | . . . . . Combat . | . . . . . Robot Hacks Applied . | . . . . . Relay Couplers Released . | . . . . . Fabnet Peak Effective % . | . . . . . Robots Rewired . | . . . . . Allies Hacked . | . . . . . Hacks Repelled . | . . . . . Allies | -11 -10 -10 -10 -9 -------- Run | Yrd Mat Min Exi Min Total Allies 1 | . . 1 . . Largest Group 1 | . . 1 1 . Highest-Rated Group 31 | . . 31 31 . Highest-Rated Ally 31 | . . 31 31 . Total Orders . | . . . . . Ally Attacks 12 | . . . 12 . Total Damage 168 | . . . 168 . Kills 3 | . . . 3 . Allies Corrupted . | . . . . . Allies Melted . | . . . . . Intel | -11 -10 -10 -10 -9 ------- Run | Yrd Mat Min Exi Min Robot Analysis Total . | . . . . . Derelict Logs Recovered 2 | . . 1 . 1 Drone Launches . | . . . . . Drone Recoveries . | . . . . . Exploration | -11 -10 -10 -10 -9 ------------- Run | Yrd Mat Min Exi Min Turns Passed 2387 | 73 904 98 1075 237 Spaces Moved 1304 | 34 478 50 625 117 Core 2 | 2 . . . . Treads 1302 | 32 478 50 625 117 Legs . | . . . . . Wheels . | . . . . . Hover . | . . . . . Flight . | . . . . . Fastest Speed 50 | 50 160 160 160 160 Average Speed 159 | 153 160 160 160 160 Slowest Speed 160 | 160 160 160 160 160 Overloaded Moves . | . . . . . Propulsion Burnouts . | . . . . . Robots Hopped . | . . . . . Cave-ins Triggered 1 | . . . 1 . Exploration Rate (%) 46 | 4 83 12 92 41 Regions Visited 4 Branch Regions 3 Pre-discovered Areas 2 | . . 1 . 1 Known Exits Taken . | . . . . . Unknown Exits Taken 4 | 1 1 1 1 . Scrap Searched 1 | . . . . 1 Spaces Dug 13 | . . 2 11 . Terrain Destroyed 136 | . 68 2 11 55 Melee . | . . . . . Projectile 13 | . . 2 11 . AOE 123 | . 68 . . 55 Terrain Rammed . | . . . . . Walls Destroyed . | . . . . . Machines Disabled . | . . . . . Actions | -11 -10 -10 -10 -9 --------- Run | Yrd Mat Min Exi Min Total 1468 | 47 552 62 658 149 Wait 27 | . 11 . 3 13 Move 1299 | 33 477 49 623 117 Hop . | . . . . . Pick Up 20 | 4 10 2 4 . Fast Attach 11 | 7 . . 4 . Attach 5 | . 1 1 1 2 Detach 1 | . 1 . . . Swap 18 | 1 7 5 3 2 Drop 13 | . 5 3 5 . Fire 68 | 2 35 2 14 15 Melee . | . . . . . Ram . | . . . . . Kick . | . . . . . Crush 5 | . 5 . . . Escape Stasis 1 | . . . 1 . Rewire . | . . . . . Trap . | . . . . . Miscellaneous . | . . . . . Route ------- -11/Scrapyard -10/Materials (discovered 4 exits: [*Mat x2] / [*Min x2]) -10/Mines (discovered 2 exits: [*Mat] / *Exi) -10/Exiles -9/Mines History --------- Turn | Location | Event 23 | -11/Scrapyard | Discovered new exit (range 16) 74 | -11/Scrapyard | Entered Materials 223 | -10/Materials | Discovered new exit (range 16) 309 | -10/Materials | Build established: Mutant 545 | -10/Materials | Discovered new exit (range 9) 846 | -10/Materials | Discovered new exit (range 3) 914 | -10/Materials | Discovered new exit (range 16) 978 | -10/Materials | Entered Mines 981 | -10/Mines | Received a Mining Laser from a helpful Derelict 1003 | -10/Mines | Received a Rocket Launcher from a helpful Derelict 1045 | -10/Mines | Discovered new exit (range 10) 1066 | -10/Mines | Deemed a non-threat by the Exiles lab entrance 1068 | -10/Mines | Discovered new exit (range 5) 1076 | -10/Mines | Entered Exiles 1076 | -10/Exiles | Found Exiles lab destroyed 1076 | -10/Exiles | Accompanied by 1 ally 1310 | -10/Exiles | Build established: Scavenger-Mutant 1687 | -10/Exiles | Crushed by falling debris 2132 | -10/Exiles | Discovered new exit (range 14) 2151 | -10/Exiles | Entered Mines 2202 | -9/Mines | Build established: Mutant 2258 | -9/Mines | Assembled infested the area 2285 | -9/Mines | Core integrity fell below 50% 2323 | -9/Mines | System corruption reached 10% 2359 | -9/Mines | Lost 3 parts (1p1n1w) 2388 | -9/Mines | Core integrity fell below 20% 2388 | -9/Mines | Destroyed by D-53 Grenadier with Mini Grenade Launcher Last Messages --------------- System corrupted by crushing effect (+4). as-20589 destroyed. as-71225 destroyed. as-67345 destroyed. System corrupted: Matter fused (-8). Grenade Launcher destroyed. System corrupted by crushing effect (+1). Destroyed Asb. Hover Unit. Lgt. Nuclear Core destroyed. System corrupted by crushing effect (+1). as-19832 destroyed. System corrupted: Matter fused (-5). Acquired 5 matter. Acquired 4 matter. as-48552 destroyed. The unstable cave ceiling collapses. System corrupted: Component data lost. Acquired 8 matter. Acquired 15 matter. System corrupted: Mak. Shrapnel Gun rejected. Map ----- +----------------------------------------------------+ | # #??????????????????????????????????????????? | | """ #??????????????????????????????????????????? | | """ #??????????????????????????????????????????? | | # """ #??? ??????????????????????????????????????? | | # #??# ?????????????????????????????????????? | | ##??# ????????????????????????????????????? | | ###???# ????????????????????????????????????? | | ######## %????????????????????????????????????? | | ## ????????????????????????????????????? | | # ????????????????????????????????????? | | # #????????????????????????????????????? | | # #????????????????????????????????????? | | # # #????????????????????????????????????? | | # # #????????????????????????????????????? | | # # # ###??????????????????????????????????? | | # ####### ##?????????????????????????????????? | | # #????## ###???????????????????????????????? | | # #????# < ####????????????????????????????? | | # #??### d ######???????????????????????? | | # #### d ##??????????????????????? | | # # # ##?????????????????????? | | # ## # [ * ##????????????????????? | | ###### ####### %%! ##???????????????????? | | ?????# #????# # #???????????????????? | | ????# #????# ## #???????????????????? | | ????# ##????# ### @ #????????????????????? | | ????# #?????# #?# #???????????????????? | | ????## #?????? [ * ?????????????????? | | ?????## ##??????#### # ??????????????? | | ??????#####??????????#### ####? ###?????????????? | | ?????????????????????????#??????##???????????????? | | ?????????????????????????????????????????????????? | | | | | | | | | | | | | | | | | | | | | | | | | | | | | | | | | | | | | +----------------------------------------------------+ Best States ------------- Heat Dissipation 25 Energy Generation 14 Energy Capacity 250 Matter Stores 300 Matter Capacity 300 Sight Range 16 Terrain Scan Range 16 Terrain Scan Density 10 Cloak Strength 3 Evasion (%) 40 Recoil Reduction 2 Item Schematics ----------------- None Robot Schematics ------------------ None Fabricated ------------ Nothing Alien Tech Used ----------------- None Achievements -------------- None Challenges ------------ None Game ------ Seed KineticCombatKatana Manual? 0 Play Time 00:19:40 Cumulative 15.0 hours Start 2024.05.04 @ 18:10:09 End 2024.05.04 @ 18:26:38 Sessions 1 Manual Loads 0 Difficulty Rogue Special Mode None Game No. 31 Rogue 31 Adventurer 0 Explorer 0 Win Type - Total 0 Types 0/0/0/0/0/0/0/0/0 Lore% 17 Gallery% 20 Achievement% 17 Wizard Run 0 Options --------- Layout 1 ASCII 0 Keyboard 0 Movement Numpad Keybinds 0 Fullscreen 2 Font 32/SmallcapsGlow Map View 50x35 Zoom Use 0% Tactical HUD 0 Map Filters NONE Filters NONE Steam 1 RUN: d5640434-244d-4ead-9d5d-58ae743582e4